 Dungeon Crawl Stone Soup version 0.18-a0-1637-g109f206 (webtiles) character file.

5053 dohliylev the Protected (level 10, -1/90 HPs)
             Began as a Minotaur Gladiator on Mar 26, 2016.
             Was a Priest of Qazlal.
             Slain by Maud
             ... wielding a +1 eveningstar of crushing
              (9 damage)
             ... on level 9 of the Dungeon.
             The game lasted 00:53:26 (7173 turns).

dohliylev the Protected (Minotaur Gladiator)        Turns: 7173, Time: 00:53:27

Health: -1/90      AC: 21    Str: 26    XL:     10   Next: 31%
Magic:  9/9        EV: 10    Int:  5    God:    Qazlal [***...]
Gold:   666        SH:  4    Dex: 12    Spells: 0 memorised, 9 levels left

rFire  . . .     SeeInvis .     B - +8 rapier of Purpose {pierce, rPois Str+4}
rCold  . . .     Gourm    .     T - +0 plate armour
rNeg   . . .     Faith    .     (no shield)
rPois  +         Spirit   .     c - +0 hat
rElec  .         Dismiss  .     (no cloak)
rCorr  .         Reflect  .     u - +0 pair of gloves
SustAt .         Harm     .     W - +0 pair of boots
MR     +....                    (no amulet)
Stlth  ..........               b - ring of protection from magic
                                e - +4 ring of protection

@: somewhat resistant to hostile enchantments, extremely unstealthy
A: retaliatory headbutt, horns 2
a: Upheaval, Elemental Force, Renounce Religion


You were on level 9 of the Dungeon.
You worshipped Qazlal.
Qazlal was most pleased with you.
You were hungry.

You visited 1 branch of the dungeon, and saw 10 of its levels.

You collected 666 gold pieces.

Inventory:

Hand Weapons
 h - a +1 mace of protection
 B - the +8 rapier of Purpose (weapon) {pierce, rPois Str+4}
   (You found it on level 4 of the Dungeon)

   It inflicts extra damage upon your enemies.
   It affects your strength (+4).
   It protects you from poison.
 S - a +2 flail of draining
Missiles
 d - 3 throwing nets (quivered)
 k - 17 tomahawks
 p - 2 exploding tomahawks
Armour
 a - a +0 plate armour
 c - a +0 hat (worn)
 u - a +0 pair of gloves (worn)
 T - a +0 plate armour (worn)
 W - a +0 pair of boots (worn)
 Y - a troll hide {Snorg}
Magical Staves
 N - an uncursed staff of power
Jewellery
 b - a ring of protection from magic (right hand)
 e - a +4 ring of protection (left hand)
 D - an uncursed ring of sustain attributes
 M - an uncursed ring of wizardry
 P - a +3 ring of protection
 Q - an uncursed ring of positive energy
Wands
 C - a wand of iceblast (10/15)
 E - a wand of flame (31/48)
 L - a wand of paralysis (15/24)
 X - a wand of disintegration (20/24)
Scrolls
 s - 3 scrolls of teleportation
 y - a scroll of fear {unknown}
 G - a scroll of magic mapping {unknown}
 I - 3 scrolls of identify {unknown}
 K - 3 scrolls of amnesia {unknown}
 R - 2 scrolls of immolation {unknown}
 Z - 3 scrolls of random uselessness {unknown}
Potions
 l - a potion of cure mutation {unknown}
 m - 3 potions of mutation {unknown}
 o - 2 potions of invisibility {unknown}
 q - 3 potions of curing {unknown}
 r - 2 potions of degeneration {unknown}
 t - a potion of brilliance {unknown}
 v - 3 potions of haste {unknown}
 x - 4 potions of lignification {unknown}
 z - a potion of beneficial mutation {unknown}
 A - a potion of agility {unknown}
 J - 2 potions of ambrosia {unknown}
 O - 2 potions of cancellation {unknown}
 V - a potion of magic {unknown}
Books
 H - a book of Death

   Spells                             Type                      Level
   a - Corpse Rot                     Necromancy                   2
   b - Sublimation of Blood           Necromancy                   2
   c - Agony                          Necromancy                   5
   d - Dispel Undead                  Necromancy                   5
   e - Excruciating Wounds            Charms/Necromancy            5
   f - Bolt of Draining               Conjuration/Necromancy       5
Miscellaneous
 g - a plain deck of summoning
Comestibles
 f - 11 bread rations
 i - 4 beef jerkies
 j - 3 meat rations
 n - 2 royal jellies
 w - 13 slices of pizza
 F - 3 fruits
 U - 5 chunks of flesh


   Skills:
 + Level 8.9 Fighting
 + Level 8.2 Short Blades
   Level 6.1(6.2) Axes
 - Level 1.3(4.0) Maces & Flails
 + Level 2.2 Throwing
 + Level 9.8 Armour
 + Level 7.3 Dodging
 - Level 0.1 Stealth


You had 9 spell levels left.
You didn't know any spells.

Dungeon Overview and Level Annotations

Branches:
Dungeon (10/15)            Temple (0/1) D:5
   Lair: D:8-11         Orc: D:9-12

Altars:
Ashenzari
Elyvilon
Gozag
Makhleb
Okawaru
Qazlal
Trog
Zin

Shops:
D:8 [*

Annotations:
D:9 Maud
D:10 Erolcha


Innate Abilities, Weirdness & Mutations

You reflexively headbutt those who attack you in melee.
You have a pair of horns on your head.


Message History

You hit Maud but do no damage.
Maud is moderately wounded.
A rat comes into view.
You hit Maud. You headbutt Maud!
Maud is moderately wounded.
Maud hits you with an eveningstar of crushing!!
* * * LOW HITPOINT WARNING * * *
x2 A rat comes into view.
The rat bites you but does no damage.
There is a stone staircase leading up, spattered with blood here.
The rat bites you but does no damage.
Maud hits you with an eveningstar of crushing!
* * * LOW HITPOINT WARNING * * *
x2 You climb upwards.
There is a stone staircase leading down here.
You puncture the rat!
You kill the rat!
Qazlal accepts your kill.
Maud hits you with an eveningstar of crushing!
You die...

.......'.....[[.......#
.......#####..#.......#
.####### ####'#.......#
......# #............#
......# #............#
......# #............#
......# #............#
......# #......†######
####### ######@@# ####


You could see Maud.

Vanquished Creatures
  Snorg (D:10)
  Joseph (D:8)
  A two-headed ogre (D:8)
  2 yaks
  A hippogriff (D:9)
  A human (D:7)
  A water moccasin (D:6)
  3 orc warriors
  An ice beast (D:7)
  A sky beast (D:9)
  A black bear (D:7)
  2 centaurs
  A phantom (D:4)
  3 big kobolds
  3 giant frogs
  2 gnoll sergeants
  A wyvern skeleton (D:10)
  A water moccasin skeleton (D:7)
  3 killer bees (D:9)
  3 wights (D:9)
  3 crimson imps
  4 giant frog skeletons
  3 centaur skeletons
  3 orc priests
  A gnoll shaman (D:7)
  7 orc wizards
  3 iguanas
  9 worker ants
  Natasha (twice) (D:4)
  3 sheep (D:7)
  2 hound skeletons (D:5)
  A worker ant zombie (D:9)
  9 gnolls
  9 adders
  A shadow imp (D:8)
  3 oozes
  An adder skeleton (D:6)
  5 worms
  2 dart slugs
  A giant gecko (D:3)
  37 orcs
  9 giant cockroaches
  9 goblins
  8 hobgoblins
  6 jackals
  10 kobolds
  3 quokkas
  A ball python (D:4)
  5 bats
  A giant gecko skeleton (D:4)
  3 giant gecko zombies
  2 giant newts
  14 rats
213 creatures vanquished.

Vanquished Creatures (others)
  A fungus (D:10)
1 creature vanquished.

Grand Total: 214 creatures vanquished

Notes
Turn   | Place    | Note
--------------------------------------------------------------
     0 | D:1      | dohliylev the Minotaur Gladiator began the quest for the Orb.
     0 | D:1      | Reached XP level 1. HP: 18/18 MP: 0/0
    53 | D:1      | Reached XP level 2. HP: 18/25 MP: 1/1
   836 | D:2      | Reached XP level 3. HP: 26/30 MP: 2/2
  1060 | D:2      | Reached skill level 1 in Armour
  1290 | D:3      | Reached XP level 4. HP: 38/38 MP: 3/3
  1622 | D:3      | Reached XP level 5. HP: 45/45 MP: 4/4
  1707 | D:3      | Reached skill level 2 in Armour
  2283 | D:4      | Noticed a phantom
  2294 | D:4      | Killed a phantom
  2294 | D:4      | Reached skill level 5 in Axes
  2294 | D:4      | Reached skill level 3 in Armour
  2331 | D:4      | Reached XP level 6. HP: 47/52 MP: 5/5
  2527 | D:4      | Got a pitted rapier
  2528 | D:4      | Identified the +8 rapier of Purpose {pierce, rPois Str+4} (You found it on level 4 of the Dungeon)
  2628 | D:4      | Noticed Natasha
  2633 | D:4      | Killed Natasha
  2633 | D:4      | Reached skill level 1 in Maces & Flails
  2914 | D:4      | Noticed Natasha
  2919 | D:4      | Killed Natasha
  2919 | D:4      | Reached skill level 4 in Armour
  3031 | D:4      | Found a stormy altar of Qazlal.
  3041 | D:4      | Became a worshipper of Qazlal Stormbringer
  3233 | D:5      | Entered Level 5 of the Dungeon
  3254 | D:5      | Found a staircase to the Ecumenical Temple.
  3391 | D:5      | Noticed a yak
  3396 | D:5      | Killed a yak
  3396 | D:5      | Reached skill level 5 in Dodging
  3396 | D:5      | Reached XP level 7. HP: 57/60 MP: 6/6
  3398 | D:5      | Reached skill level 5 in Fighting
  3659 | D:5      | Found a white marble altar of Elyvilon.
  3751 | D:5      | Found Mopon's Book Shoppe.
  3975 | D:6      | Reached skill level 1 in Short Blades
  3975 | D:6      | Reached skill level 5 in Armour
  4212 | D:6      | Reached * piety under Qazlal
  4330 | D:6      | Found an iron altar of Okawaru.
  4422 | D:6      | Reached XP level 8. HP: 60/70 MP: 7/7
  4429 | D:6      | Found a burning altar of Makhleb.
  4430 | D:6      | Found an opulent altar of Gozag.
  4431 | D:6      | Found a shattered altar of Ashenzari.
  4754 | D:7      | Reached skill level 6 in Armour
  4969 | D:7      | Found a bloodstained altar of Trog.
  5153 | D:7      | Reached ** piety under Qazlal
  5153 | D:7      | Reached skill level 7 in Armour
  5392 | D:7      | Reached XP level 9. HP: 57/79 MP: 8/8
  5466 | D:8      | Reached skill level 5 in Short Blades
  5561 | D:8      | Found Ymaac's Antique Armour Emporium.
  5588 | D:8      | Found Zin's Purification Station.
  5589 | D:8      | Found a glowing silver altar of Zin.
  5664 | D:8      | Reached skill level 8 in Armour
  5782 | D:8      | Noticed Joseph
  5801 | D:8      | Killed Joseph
  6300 | D:9      | Reached skill level 9 in Armour
  6418 | D:9      | Reached *** piety under Qazlal
  6540 | D:9      | Reached XP level 10. HP: 74/89 MP: 9/9
  6819 | D:10     | Entered Level 10 of the Dungeon
  6821 | D:10     | Noticed Erolcha
  6826 | D:10     | Noticed Maud
  6830 | D:10     | Paralysed by Erolcha for 5 turns
  7139 | D:10     | Noticed Snorg
  7153 | D:10     | Killed Snorg
  7173 | D:9      | Slain by Maud

Vault maps used:
D:1:      dpeg_arrival_ratfight, grunt_decor_resistance
D:3:      gup_sewer_entry_bubbles, kennysheep_big_empty_room
D:4:      marbit_many_paths, first_bread, uniq_natasha
D:5:      nicolae_overflow_crystal_walls, minmay_temple_entry_glass,
          serial_shops, shop_fountains, minmay_small_thing
D:6:      okawaru_altar_gauntlet_db, minitemple, kennysheep_generic_room_10
D:7:      bloody_trog, grunt_livestock, kennysheep_generic_room_2
D:8:      zin_purify, serial_shops, shop, uniq_joseph
D:9:      minmay_unpleasant_kobolds
D:10:     grunt_lair_entry_orc_guard_hut, minmay_misc_feat_chi,
          serial_bayou_ford_a, fedhas_altar_fruit_tree, uniq_gastronok,
          uniq_maud, uniq_erolcha, uniq_snorg

Skill      XL: |  1  2  3  4  5  6  7  8  9 10 |
---------------+-------------------------------+-----
Axes           | 4 5 6 |  6.1
Dodging        | 4 5 6 7 |  7.3
Fighting       | 3 4 5 7 8 |  8.9
Armour         | 1 3 4 5 7 9 |  9.8
Maces & Flails | 1 |  1.3
Short Blades   | 1 4 7 8 |  8.2
Throwing       | |  2.2
Stealth        | |  0.1

Action                   |  1- 3 |  4- 6 |  7- 9 | 10-12 || total
-------------------------+-------+-------+-------+-------++-------
Melee: War axe           |    46 |   109 |       |       ||   155
       Mace              |    14 |    17 |       |       ||    31
       Rapier            |       |    27 |   259 |    39 ||   325
  Use: Scroll            |       |       |     3 |       ||     3
  Eat: Chunk             |     1 |     6 |     7 |     1 ||    15
       Bread ration      |       |       |     1 |       ||     1
